 Dungeon Sprint DCSS version 0.27.1-2-g3b301248ec (webtiles) character file.

Game seed: 3488413933896318521

2184 boopmooplesden the Blocker (level 9, -2/90 HPs)
             Began as a Minotaur Fighter on Sept 22, 2021.
             Slain by Kirke (7 damage)
             ... in the Dungeon (Sprint II: "The Violet Keep of Menkaure").
             The game lasted 00:01:11 (684 turns).

boopmooplesden the Blocker (Minotaur Fighter)        Turns: 684, Time: 00:01:12

Health: -2/90      AC:  9    Str: 23    XL:     9   Next: 11%
Magic:  8/8        EV: 10    Int:  5    God:
Gold:   729        SH: 13    Dex: 11    Spells: 8/8 levels left

rFire    . . .     SeeInvis .   a - +0 war axe
rCold    . . .     Faith    .   c - +0 kite shield
rNeg     . . .     Spirit   .   b - +0 scale mail
rPois    .         Reflect  .   (helmet restricted)
rElec    .         Harm     .   (no cloak)
rCorr    .         Rampage  .   (no gloves)
Will     .....     NoTele   +   (no boots)
Stlth    ..........             (no amulet)
HPRegen  0.25/turn              (no ring)
MPRegen  0.11/turn              (no ring)

@: mighty, slowed, very slow
A: horns 2, retaliatory headbutt
a: no special abilities


You were in the Dungeon.
You visited 1 branch You collected 729 gold pieces.

Inventory:

Hand Weapons
 a - a +0 war axe (weapon)
Armour
 b - a +0 scale mail (worn)
 c - a +0 kite shield (worn)
Scrolls
 j - a scroll of blinking
Potions
 h - 2 potions of magic


   Skills:
 + Level 11.9 Fighting
 + Level 11.5 Axes
 + Level 12.9 Armour
 + Level 2.9 Dodging
 + Level 13.3 Shields


You had 8 spell levels left.
You didn't know any spells.
Your spell library was empty.

Dungeon Overview and Level Annotations

Branches:
Dungeon (1/1)

Altars:

Shops:
D :[!=

Annotations:
D Kirke


Innate Abilities, Weirdness & Mutations

You have a pair of horns on your head.
You reflexively headbutt those who attack you in melee.


Message History

* * * LOW HITPOINT WARNING * * *
The centaur warrior barely misses you.
You slash Kirke!
Kirke is lightly wounded.
The ice statue glitters chillingly in the dim dungeon light.
You slice Kirke!! You headbutt Kirke!
Kirke is moderately wounded.
You block Kirke's attack.
You slash Kirke!
Kirke is heavily wounded.
You block Kirke's attack.
You barely miss Kirke.
Kirke is heavily wounded.
Kirke hits you but does no damage. You block Kirke's attack.
You closely miss Kirke. You headbutt Kirke!
Kirke is heavily wounded.
Kirke points at you and mumbles some strange words.
You barely resist. You slice Kirke!!
Kirke is severely wounded.
You slash Kirke!
Kirke is severely wounded.
You block Kirke's attack.
You hit Kirke.
Kirke is almost dead.
You block Kirke's attack.
You slice Kirke!!
Kirke is almost dead.
Kirke points at you and mumbles some strange words.
You barely resist. You closely miss Kirke.
Kirke is almost dead.
Kirke points at you and mumbles some strange words.
You feel yourself slow down.
You closely miss Kirke. Your headbutt misses Kirke.
Kirke is almost dead.
Kirke hits you!
* * * LOW HITPOINT WARNING * * *
Kirke hits you!
You die...

≈≈≈≈≈°○##
≈≈°°○≈≈## #
°≈8≈≈°≈≈# zc##
≈°°°○≈ K@.≈ °○○≈
####c≈#+++#+++##
###≈≈≈....c☼○..#
.∩#≈≈≈≈.##@##..#
∩.#≈≈≈≈##@#.##
.∩#≈≈≈≈#..##.#
∩.#≈≈####..#####
..#≈##. ##+###.##
..#≈#$..##B##...#
..+ #†.<.')#.+
#...##.##...# ##.
##÷###.## #
#...####


You could see Kirke, an ice statue and a centaur warrior.

Vanquished Creatures
  A yaktaur captain (D)
  A boulder beetle (D)
  A merfolk siren (D)
  A water moccasin (D)
  4 necrophages (D)
  3 worms (D)
11 creatures vanquished.

Vanquished Creatures (others)
  A kobold demonologist (D)
  Menkaure (D)
  A water moccasin (D)
3 creatures vanquished.

Grand Total: 14 creatures vanquished

Notes
Turn   | Place    | Note
-------+----------+-------------------------------------------
     0 | D        | boopmooplesden the Minotaur Fighter began the quest for the
                  | Orb.
     0 | D        | Reached XP level 1. HP: 19/19 MP: 0/0
    12 | D        | Killed a water moccasin
    42 | D        | Killed Menkaure
   101 | D        | Noticed a necrophage
   101 | D        | Noticed a necrophage
   101 | D        | Noticed a necrophage
   101 | D        | Noticed a necrophage
   114 | D        | Killed a necrophage
   115 | D        | Reached skill level 6 in Shields
   115 | D        | Reached XP level 2. HP: 27/31 MP: 1/1
   115 | D        | Reached XP level 3. HP: 33/38 MP: 2/2
   115 | D        | Reached XP level 4. HP: 40/45 MP: 3/3
   117 | D        | Killed a necrophage
   118 | D        | Reached skill level 8 in Shields
   118 | D        | Reached XP level 5. HP: 42/52 MP: 4/4
   118 | D        | Killed a necrophage
   119 | D        | Reached skill level 5 in Axes
   119 | D        | Reached skill level 9 in Shields
   125 | D        | Killed a necrophage
   126 | D        | Reached XP level 6. HP: 49/63 MP: 5/5
   202 | D        | Noticed a boulder beetle
   202 | D        | Noticed a boulder beetle
   215 | D        | Noticed an ice statue
   230 | D        | Noticed a merfolk siren
   239 | D        | Killed a merfolk siren
   240 | D        | Reached skill level 10 in Fighting
   240 | D        | Reached skill level 10 in Armour
   240 | D        | Reached skill level 1 in Dodging
   240 | D        | Reached skill level 11 in Shields
   240 | D        | Reached XP level 7. HP: 56/72 MP: 6/6
   321 | D        | Killed a boulder beetle
   322 | D        | Reached skill level 12 in Shields
   322 | D        | Reached XP level 8. HP: 6/82 MP: 7/7
   652 | D        | Reached skill level 10 in Axes
   652 | D        | Found Elat's Distillery.
   652 | D        | Found Isenung's Jewellery Emporium.
   652 | D        | Noticed Kirke
   652 | D        | Noticed a kobold demonologist
   652 | D        | Noticed a yaktaur captain
   652 | D        | Noticed a centaur warrior
   653 | D        | Found Yrulicauci's Book Shoppe.
   653 | D        | Found Weurud's Antique Armour Emporium.
   653 | D        | Noticed a skeletal warrior
   669 | D        | Killed a yaktaur captain
   670 | D        | Reached skill level 13 in Shields
   670 | D        | Reached XP level 9. HP: 27/90 MP: 8/8
   675 | D        | Killed a kobold demonologist
   684 | D        | Slain by Kirke

Illustrated notes

Levels and vault maps discovered:
D:        the_violet_keep_of_menkaure [sprint2_stairs_cluster_1,
          sprint2_shoproom, sprint2_temple, sprint2_basic_supplies,
          sprint2_obstacle_4, sprint2_obstacle_5, sprint2_obstacle_2,
          sprint2_obstacle_6, sprint2_obstacle_3, sprint2_timed_cluster_1,
          sprint2_smallroom_cluster_1, sprint2_smallroom_final_cluster_1,
          sprint2_transparent_cluster_1, sprint2_second_timed_cluster_1,
          sprint2_sniper_area_1, sprint2_heavy_combat_area_1,
          sprint2_mutation_trap_area_1, sprint2_forest_area_1,
          sprint2_light_combat_area_1, sprint2_behind_water_1,
          sprint2_near_end_vault_1]

Skill      XL: |  1  2  3  4  5  6  7  8 |
---------------+-------------------------+-----
Fighting       | 6 7 9 10 11 | 11.9
Axes           | 4 6 7 9 11 | 11.5
Armour         | 6 8 9 10 11 12 | 12.9
Shields        | 6 8 9 11 12 13 | 13.3
Dodging        | 1 2 |  2.9

Action                   |  1- 3 |  4- 6 |  7- 9 || total
-------------------------+-------+-------+-------++-------
Melee: War axe           |    12 |    25 |    42 ||    79
       Headbutt          |     3 |     5 |     8 ||    16
  Use: Potion            |     1 |       |     4 ||     5
Armor: Scale mail        |     3 |     3 |     4 ||    10
Dodge: Dodged            |     4 |       |     8 ||    12
Block: Kite shield       |     5 |     9 |    18 ||    32
